 Dungeon Crawl Stone Soup version 0.28.0-53-g5a82cb258f (webtiles) character file.

Game seed: 12185952631467084669

868 pkoi the Ruffian (level 7, 0/53 HPs)
             Began as a Demigod Gladiator on June 2, 2022.
             Slain by a steam dragon (2 damage)
             ... on level 5 of the Dungeon.
             The game lasted 00:06:23 (5784 turns).

pkoi the Ruffian (Demigod Gladiator)                Turns: 5784, Time: 00:06:24

Health: 0/53       AC:  8    Str: 19    XL:     7   Next: 44%
Magic:  9/9        EV: 12    Int: 14    God:
Gold:   202        SH:  0    Dex: 15    Spells: 6/6 levels left

rFire   . . .      SeeInvis .     - Unarmed
rCold   . . .      Faith    .   (no shield)
rNeg    . . .      Spirit   .   i - +0 ring mail
rPois   .          Reflect  .   e - +2 helmet
rElec   .          Harm     .   (no cloak)
rCorr   .          Rampage  .   (no gloves)
Will    .....                   (no boots)
Stlth   +.........              (no amulet)
HPRegen 0.17/turn               (no ring)
MPRegen 0.11/turn               (no ring)

@: no status effects
A: high MP 1, forlorn, divine attributes
a: no special abilities


You were on level 5 of the Dungeon.
You visited 2 branches of the dungeon, and saw 6 of its levels.

You collected 202 gold pieces.

Inventory:

Hand Weapons
 g - a +0 short sword
 n - a +2 whip of freezing
 o - a +3 dagger
Missiles
 c - 3 throwing nets (quivered)
Armour
 a - a +0 leather armour
 b - a +0 helmet
 e - a +2 helmet (worn)
 i - a +0 ring mail (worn)
Wands
 p - a wand of flame (8)
Scrolls
 f - 2 scrolls of identify
 h - a scroll of immolation {unknown}
 l - a scroll of blinking {unknown}
Potions
 d - 2 potions of brilliance
 k - a potion of flight {unknown}
 m - a potion of lignification
 q - a potion of curing {unknown}
 r - a potion of resistance {unknown}


   Skills:
 + Level 1.7 Fighting
 - Level 1.7 Throwing
 - Level 3.0 Armour
 - Level 3.0 Dodging
 * Level 6.9 Unarmed Combat
 - Level 3.1 Evocations


You had 6 spell levels left.
You didn't know any spells.
Your spell library contained the following spells:

 Spells                   Type           Power      Damage    Failure   Level
 Dazzling Flash           Conj/Hex       0%         N/A       82%         3
 Agony                    Necr           0%         N/A       100%        5
 Silence                  Hex/Air        0%         N/A       100%        5


Dungeon Overview and Level Annotations

Branches:
Dungeon (5/15)             Temple (1/1) D:4

Annotations:
D:4 Eustachio


Innate Abilities, Weirdness & Mutations

You have an increased reservoir of magic. (+10% MP)
You shall have no god before yourself.
Your divine heritage dramatically boosts your attributes as you level up.


Message History

* * * LOW HITPOINT WARNING * * *
The steam dragon bites you.
* * * LOW HITPOINT WARNING * * *
The steam dragon claws you.
* * * LOW HITPOINT WARNING * * *
You hit the steam dragon but do no damage.
The steam dragon is moderately wounded.
The steam dragon bites you.
* * * LOW HITPOINT WARNING * * *
The steam dragon closely misses you.
Unknown command.
You hit the steam dragon.
The steam dragon is heavily wounded.
You are engulfed in a cloud of scalding steam.
* * * LOW HITPOINT WARNING * * *
The steam dragon bites you.
* * * LOW HITPOINT WARNING * * *
The steam dragon barely misses you.
You barely miss the steam dragon.
The steam dragon is heavily wounded.
The steam dragon bites you.
* * * LOW HITPOINT WARNING * * *
The steam dragon barely misses you.
Unknown command.
You punch the steam dragon!
The steam dragon is almost dead.
The steam dragon bites you.
* * * LOW HITPOINT WARNING * * *
The steam dragon claws you but does no damage.
Unknown command.
You closely miss the steam dragon.
The steam dragon is almost dead.
The steam dragon misses you. The steam dragon completely misses you.
Unknown command.
You closely miss the steam dragon. Your punch misses the steam dragon.
The steam dragon is almost dead.
The steam dragon bites you.
* * * LOW HITPOINT WARNING * * *
The steam dragon claws you.
You die...

#. ##.######
.###.......#
....[......#
...........# ###
..........# ...
####..D...# ####.#
#.....@.#####....#
#.......'........#
#.......#####...##
#.......# #....#
#.......# #.####
#.......# #.#####
#########
#...≈.###
#..≈≈...####
#..≈.P≈P.≈^.


You could see a steam dragon.

Vanquished Creatures
  Grinder (D:5)
  A steam dragon (D:5)
  A necrophage (D:5)
  2 bullfrog zombies (D:5)
  A jelly (D:5)
  2 bullfrog skeletons
  A hound (D:5)
  Jessica (D:2)
  2 scorpion zombies (D:5)
  A howler monkey zombie (D:5)
  Robin (D:1)
  A howler monkey skeleton (D:5)
  A gnoll (D:1)
  6 adders
  A white imp (D:5)
  An ufetubus (D:5)
  2 adder skeletons (D:4)
  3 worms
  A dart slug (D:2)
  4 orcs
  8 bats
  2 endoplasms
  4 giant cockroaches
  15 goblins
  7 hobgoblins
  6 quokkas
  3 ball pythons
  3 frilled lizards
  10 kobolds
  A rat (D:1)
93 creatures vanquished.

Vanquished Creatures (others)
  22 fungi (D:5)
22 creatures vanquished.

Grand Total: 115 creatures vanquished

Notes
Turn   | Place    | Note
-------+----------+-------------------------------------------
     0 | D:1      | pkoi the Demigod Gladiator began the quest for the Orb.
     0 | D:1      | Reached XP level 1. HP: 17/17 MP: 3/3
    79 | D:1      | Reached skill level 3 in Unarmed Combat
   371 | D:1      | Reached XP level 2. HP: 24/24 MP: 4/4
  1081 | D:2      | Noticed Robin
  1081 | D:2      | Noticed Jessica
  1131 | D:2      | Reached XP level 3. HP: 28/29 MP: 5/5
  1140 | D:2      | Reached skill level 4 in Unarmed Combat
  1308 | D:1      | Killed Robin
  1481 | D:2      | Killed Jessica
  1526 | D:2      | Reached XP level 4. HP: 34/36 MP: 6/6
  2526 | D:3      | Reached skill level 1 in Armour
  3062 | D:4      | Reached skill level 5 in Unarmed Combat
  3062 | D:4      | Reached XP level 5. HP: 34/41 MP: 7/7
  3294 | D:4      | Found a staircase to the Ecumenical Temple.
  3335 | Temple   | Entered the Ecumenical Temple
  3675 | D:4      | Reached skill level 1 in Evocations
  3958 | D:4      | Noticed Eustachio
  4018 | D:5      | Entered Level 5 of the Dungeon
  4342 | D:5      | Reached XP level 6. HP: 38/48 MP: 8/8
  4669 | D:5      | Noticed Grinder
  4672 | D:5      | Paralysed by Grinder for 6 turns
  4691 | D:5      | Paralysed by Grinder for 3 turns
  4699 | D:5      | Paralysed by Grinder for 4 turns
  4717 | D:5      | Killed Grinder
  4718 | D:5      | Reached skill level 6 in Unarmed Combat
  5102 | D:5      | Noticed a steam dragon
  5194 | D:5      | Killed a steam dragon
  5195 | D:5      | Reached XP level 7. HP: 16/53 MP: 9/9
  5769 | D:5      | Noticed a steam dragon
  5784 | D:5      | HP: 2/53 [steam dragon (2)]
  5784 | D:5      | Slain by a steam dragon

Illustrated notes

Levels and vault maps discovered:
D:1:      dpeg_arrival_rooms_b, layout_loops_ring
D:2:      layout_basic, uniq_robin, uniq_jessica
D:3:      layout_loops_ring, nicolae_overflow_hidden_temple,
          shapermc_ecumenical_altar_hornbeckon
D:4:      layout_cave_pods, minmay_temple_entry_stoned_glass, serial_shops,
          nicolae_shop_crystal, uniq_eustachio
D:5:      kennysheep_steamy, layout_basic, serial_undead, serial_undead_e,
          serial_undead_f, serial_undead_a, serial_undead_e, uniq_grinder
Temple:   nicolae_temple_figure_zero

Skill      XL: |  1  2  3  4  5  6  7 |
---------------+----------------------+-----
Unarmed Combat | 3 4 5 6 |  6.9
Dodging        | 3 |  3.0
Armour         | 1 2 3 |  3.0
Evocations     | 1 2 3 |  3.1
Fighting       | |  1.7
Throwing       | |  1.7

Action                   |  1- 3 |  4- 6 |  7- 9 || total
-------------------------+-------+-------+-------++-------
Melee: Unarmed           |   137 |   267 |    36 ||   440
       Punch             |     2 |    14 |     1 ||    17
Evoke: Wand              |       |     4 |       ||     4
  Use: Scroll            |       |     7 |       ||     7
       Potion            |       |     1 |       ||     1
Armor: Leather armour    |    26 |       |       ||    26
       Ring mail         |    33 |    95 |    11 ||   139
Dodge: Dodged            |    95 |   161 |    16 ||   272
